 Dungeon Crawl Stone Soup version 0.22-a0-406-g9ff8d77 (webtiles) character file.

377 4thArraOfDagon the Magician (level 6, -3/41 HPs)
             Began as a Mummy Fire Elementalist on May 8, 2018.
             Was an Initiate of Vehumet.
             Killed from afar by Blork the orc (5 damage)
             ... with a puff of frost
             ... on level 4 of the Dungeon.
             The game lasted 00:05:32 (1805 turns).

4thArraOfDagon the Magician (MuFE)                  Turns: 1805, Time: 00:05:33

Health: -3/41      AC:  2    Str: 12    XL:     6   Next: 45%
Magic:  5/12       EV: 12    Int: 16    God:    Vehumet [......]
Gold:   62         SH:  0    Dex: 12    Spells: 0/13 levels left

rFire    x . .     SeeInvis .   i - +0 war axe (curse)
rCold    + . .     Gourm    .   (no shield)
rNeg     + + +     Faith    .   a - +0 robe
rPois    ∞         Spirit   .   (no helmet)
rElec    .         Reflect  .   (no cloak)
rCorr    .         Harm     .   (no gloves)
MR       .....                  (no boots)
Stlth    ++........             l - amulet of the acrobat
HPRegen  0.13/turn              b - ring of poison resistance
MPRegen  0.13/turn              (no ring)

@: no status effects
A: no food or potions, fire vulnerability, cold resistance 1, negative energy
resistance 3, torment resistance, unbreathing
a: Renounce Religion


You were on level 4 of the Dungeon.
You worshipped Vehumet.
Vehumet was noncommittal.
You were not hungry.

You visited 2 branches of the dungeon, and saw 6 of its levels.

You collected 62 gold pieces.

Inventory:

Hand Weapons
 i - a cursed +0 war axe (weapon)
Missiles
 h - a throwing net (quivered)
Armour
 a - a +0 robe (worn)
Jewellery
 b - a ring of poison resistance (left hand)
 l - an amulet of the acrobat (around neck)
Wands
 k - a wand of random effects (24)
Scrolls
 c - 2 scrolls of remove curse {unknown}
 d - a scroll of fog {unknown}
 e - 3 scrolls of identify {unknown}
 f - 2 scrolls of teleportation {unknown}
 g - a scroll of immolation {unknown}
 j - a scroll of amnesia {unknown}
 m - a scroll of random uselessness {unknown}
 n - a scroll of fear {unknown}


   Skills:
 - Level 1.5 Dodging
 - Level 1.5 Stealth
 + Level 4.4 Spellcasting
 * Level 3.4 Conjurations
 * Level 4.2 Fire Magic


You couldn't memorise any spells.
You knew the following spells:

 Your Spells              Type           Power        Failure   Level  Hunger
a - Flame Tongue          Conj/Fire      ###..        3%          1    N/A
b - Conjure Flame         Conj/Fire      ###.....     10%         3    N/A
c - Sticky Flame          Conj/Fire      ###.....     32%         4    N/A
d - Fireball              Conj/Fire      ###.......   67%         5    N/A

Dungeon Overview and Level Annotations

Branches:
Dungeon (5/15)             Temple (1/1) D:5

Altars:
Ashenzari
Cheibriados
Elyvilon
Fedhas
Gozag
Hepliaklqana
Kikubaaqudgha
Makhleb
Nemelex Xobeh
Okawaru
Qazlal
Ru
Trog
Uskayaw
Vehumet
Wu Jian
Xom
Yredelemnul
Zin
The Shining One

Annotations:
D:4 Blork the orc


Innate Abilities, Weirdness & Mutations

You do not eat or drink.
Your flesh is vulnerable to fire.
You are immune to poison.
Your flesh is cold resistant. (rC+)
You are immune to negative energy. (rN+++)
You are immune to unholy pain and torment.
You can survive without breathing.


Message History

Blork the orc casts a spell at you. The puff of flame hits you!
The fire burns you terribly!
* * * LOW HITPOINT WARNING * * *
Unknown command.
Blork the orc burns!
Blork the orc hits you from afar with a trident!
* * * LOW HITPOINT WARNING * * *
Unknown command.
Unknown command.
Casting: Flame Tongue (safe; 3% risk of failure)
Confirm with . or Enter, or press ? or * to list all spells.
Aiming: Flame Tongue (safe; 3% risk of failure)
Press: ? - help, Shift-Dir - straight line, f/p - Blork the orc
Aim: Blork the orc, wielding a trident and wearing a robe (severely wounded, fast, covered in liquid flames)
The flame tongue hits Blork the orc.
Blork the orc appears unharmed.
Blork the orc is severely wounded.
Blork the orc burns!
Blork the orc casts a spell at you. The puff of frost hits you! You resist.
You die...

.## #..#####
##
##.....####
#.÷.#.##..
#...#.##.#
#.>.#.##.#
##..#.##.#
#..#.##.#
#.......#
#......@#####
#.......)...#
#.#.###o##.##
#.......) .#
#.#......#.#
########.#.#
.#.# ##.# (#


You could see Blork the orc (burning).

Vanquished Creatures
  A sky beast (D:5)
  An ogre (D:5)
  2 hounds (D:5)
  A worker ant (D:4)
  2 hound zombies (D:5)
  4 adders
  A worm (D:5)
  2 dart slugs
  A leopard gecko (D:5)
  6 orcs
  2 giant cockroaches
  7 hobgoblins
  3 kobolds
  A quokka (D:4)
  A ball python (D:4)
  2 bats
  A frilled lizard (D:1)
  3 goblins
  3 rats
44 creatures vanquished.

Vanquished Creatures (others)
  A human (D:5)
1 creature vanquished.

Grand Total: 45 creatures vanquished

Notes
Turn   | Place    | Note
-------+----------+-------------------------------------------
     0 | D:1      | 4thArraOfDagon the Mummy Fire Elementalist began the quest for the Orb.
     0 | D:1      | Reached XP level 1. HP: 13/13 MP: 4/4
   107 | D:1      | Reached skill level 1 in Conjurations
   161 | D:1      | Reached XP level 2. HP: 18/19 MP: 0/5
   369 | D:2      | Found a blossoming altar of Fedhas.
   399 | D:3      | Reached XP level 3. HP: 24/24 MP: 5/7
   513 | D:3      | Learned a level 3 spell: Conjure Flame
   855 | D:5      | Entered Level 5 of the Dungeon
   855 | D:5      | Found an ancient bone altar of Kikubaaqudgha.
   855 | D:5      | Noticed a human
   859 | D:5      | Killed a human
   894 | D:5      | Reached XP level 4. HP: 22/30 MP: 2/9
   900 | D:5      | Learned a level 4 spell: Sticky Flame
   919 | D:5      | Noticed a sky beast
   928 | D:5      | Killed a sky beast
   928 | D:5      | Reached XP level 5. HP: 11/35 MP: 0/10
  1169 | D:5      | Noticed a phantom
  1177 | D:5      | Found a staircase to the Ecumenical Temple.
  1187 | Temple   | Entered the Ecumenical Temple
  1218 | Temple   | Became a worshipper of Vehumet
  1532 | D:5      | Noticed an ogre
  1551 | D:5      | Killed an ogre
  1551 | D:5      | Reached XP level 6. HP: 38/41 MP: 0/12
  1578 | D:5      | Learned a level 5 spell: Fireball
  1651 | D:4      | Found a white marble altar of Elyvilon.
  1713 | D:4      | Found an opulent altar of Gozag.
  1713 | D:4      | Found a stormy altar of Qazlal.
  1714 | D:4      | Found an ornate altar of the Wu Jian Council.
  1798 | D:4      | Noticed Blork the orc
  1804 | D:4      | HP: 2/41 [Blork the orc/trident (8)]
  1805 | D:4      | Killed from afar by Blork the orc

Vault maps used:
D:1:      dpeg_arrival_snail
D:2:      fedhas_altar_4
D:3:      lemuel_coloured_pillars_altar, first_ration
D:4:      lemuel_doored_altar, gammafunk_temple_overflow_claw,
          uniq_blork_the_orc
D:5:      minmay_temple_entry_overgrown, serial_shops, nicolae_shop_waterfront,
          tgw_kikubaaqudgha
Temple:   lightli_temple_of_artemis

Skill      XL: |  1  2  3  4  5 |
---------------+----------------+-----
Conjurations   | 1 2 3 |  3.4
Spellcasting   | 3 4 |  4.4
Fire Magic     | 3 4 |  4.2
Dodging        | |  1.5
Stealth        | |  1.5

Action                   |  1- 3 |  4- 6 || total
-------------------------+-------+-------++-------
Melee: Unarmed           |    38 |       ||    38
       War axe           |     2 |    18 ||    20
 Cast: Flame Tongue      |    49 |    39 ||    88
       Conjure Flame     |     1 |     2 ||     3
       Sticky Flame      |       |     2 ||     2
Armor: Robe              |    10 |     2 ||    12
Dodge: Dodged            |    41 |    36 ||    77

Table legend:
 A = Spawn XP
 B = Non-spawn XP
 C = Spawn XP percentage of total XP
 D = Spawn monster count
 E = Non-spawn monster count
 F = Spawn count percentage of total count
 G = Total turns spent on level
                    A         B        C        D         E        F      G
               +---------+---------+-------+---------+---------+-------+---------
         Total |       0 |     539 |   0.0 |       0 |      44 |   0.0 |  1805
               +---------+---------+-------+---------+---------+-------+---------
           D:1 |       0 |      13 |   0.0 |       0 |       7 |   0.0 |   216
           D:2 |       0 |      26 |   0.0 |       0 |       9 |   0.0 |   182
           D:3 |       0 |      46 |   0.0 |       0 |      11 |   0.0 |   363
           D:4 |       0 |      61 |   0.0 |       0 |       8 |   0.0 |   265
           D:5 |       0 |     393 |   0.0 |       0 |       9 |   0.0 |   720
               +---------+---------+-------+---------+---------+-------+---------
